Map: Port Aleksander LE

Players

Mordekaiser - Winner!

  • Race: Zerg Zerg
  • League: Gold
  • Spawn Location: 5:00

Player

  • Race: Terran Terran
  • League: Master
  • Spawn Location: 11:00

VOD

Have the link to the VOD?

Description

Time

  • Played on: March 7, 2019, 2:29 a.m.
  • Length: 6:57
Show
View Real Time Build Order
Export as new Build Order

Mordekaiser Zerg - Winner!

Build Orders: Pool First, Zergling Baneling 

Get SALT Encoding   

  12  0:00  Drone  
  13  0:13  Overlord  
  13  0:19  Drone  
  14  0:31  Drone  
  14  0:32  Drone  
  14  0:35  Drone  
  17  0:38  Extractor  
  16  0:50  Spawning Pool  
  16  0:53  Drone  
  16  1:08  Extractor  
  15  1:38  Zergling x6  
  18  2:06  Hatchery  
  17  2:15  Metabolic Boost  
  17  2:20  Drone  
  18  2:25  Drone  
  19  2:36  Drone x2  
  21  2:57  Drone  
  22  3:11  Baneling Nest  
  21  3:17  Overlord x2  
  21  3:18  Queen  
  23  3:22  Zergling x2  
  23  3:24  Drone  
  25  3:41  Drone x2  
  27  3:50  Queen  
  27  3:55  Drone  
  30  4:01  Zergling x2  
  30  4:02  Zergling x4  
  33  4:09  Zergling x2  
  34  4:14  Drone  
  36  4:17  Drone  
  36  4:26  Zergling x4  
  36  4:30  Zergling x2  
  36  4:31  Zergling x4  
  41  4:39  Overlord  
  41  4:42  Baneling x3  
  41  4:43  Baneling x6  
  41  4:45  Baneling x2  
  41  4:46  Baneling x3  
  41  4:47  Zergling x4  
  43  4:58  Zergling x4  
  36  5:33  Zergling x12  
  36  5:34  Zergling x2  
  42  5:42  Baneling x6  
  42  5:46  Zergling x4  
  44  5:53  Spore Crawler  
  40  6:07  Zergling x12  
  40  6:08  Zergling x2  
  43  6:29  Baneling x3  
  43  6:30  Baneling x2  
  43  6:36  Zergling x8  
  43  6:37  Zergling x2  
Show
View Real Time Build Order
Export as new Build Order

Player Terran 

Build Orders:  

Get SALT Encoding   

  12  0:00  SCV  
  13  0:23  SCV  
  14  0:42  SCV  
  14  1:04  SCV  
  15  1:18  Supply Depot  
  15  1:39  SCV  
  16  1:55  Barracks  
  16  2:05  SCV  
  17  2:18  SCV  
  18  2:28  Supply Depot  
  18  2:41  Supply Depot  
  18  2:42  Marine  
  19  2:53  Orbital Command  
  19  3:16  Command Center  
  19  3:17  Marine  
  20  3:28  SCV, Refinery  
  21  3:35  Marine  
  21  3:40  SCV  
  23  3:51  Supply Depot  
  23  3:52  SCV  
  23  3:53  Marine  
  25  4:04  SCV  
  26  4:15  Barracks Reactor  
  26  4:16  SCV  
  27  4:18  Command Center  
  27  4:28  SCV  
  27  4:29  Orbital Command  
  28  4:40  SCV  
  29  4:51  Marine  
  29  4:52  Marine, Bunker  
  31  4:54  Factory  
  31  4:58  SCV  
  32  5:03  SCV  
  33  5:09  Marine x2  
  23  5:27  Marine x2, Supply Depot  
  17  5:34  Orbital Command  
  15  5:36  SCV  
  16  5:44  Orbital Command  
  16  5:50  Starport, SCV  
  16  5:55  Hellion  
  16  5:56  Hellion  
  21  5:59  Barracks Tech Lab  
  21  6:00  Supply Depot  
  20  6:11  Supply Depot  
  17  6:17  SCV  
  16  6:23  Orbital Command  
  16  6:26  Hellion  
Tags
 
Add a new tag
Caveats
  • Supply blocks, unpowered buildings, or Contaminate may cause inaccurate times.
  • Supply counts are checked every 10 seconds.